 Dungeon Crawl Stone Soup version 0.18.1-50-g88ac8fd (webtiles) character file.

264 HolyRage the Ruffian (level 5, -1/50 HPs)
             Began as a Troll Monk on Sept 20, 2016.
             Succumbed to a water moccasin's poison
             ... on level 4 of the Dungeon.
             The game lasted 00:07:57 (2294 turns).

HolyRage the Ruffian (Troll Monk)                   Turns: 2294, Time: 00:07:58

Health: -1/50      AC:  7    Str: 16 (19) XL:     5   Next: 98%
Magic:  4/4        EV: 16    Int:  5 (6)  God:
Gold:   285        SH:  0    Dex: 16 (18) Spells: 0 memorised, 4 levels left

rFire  . . .     SeeInvis +       - Unarmed
rCold  . . .     Gourm    +     c - +2 robe
rNeg   . . .     Faith    .     (no shield)
rPois  .         Spirit   .     (helmet restricted)
rElec  .         Dismiss  +     (no cloak)
rCorr  .         Reflect  .     (gloves unavailable)
SustAt .         Harm     .     (boots unavailable)
MR     .....                    p - amulet of dismissal
Stlth  +++.......               (no ring)
                                i - ring of see invisible

@: agile, lethally poisoned (-1 -> -19), not resistant to hostile enchantments,
fairly stealthy
A: unfitting armour, claws 3, fast metabolism 3, gourmand, regeneration 2,
shaggy fur 1, tough skin 2
a: no special abilities


You were on level 4 of the Dungeon.
You were completely stuffed.

You visited 1 branch of the dungeon, and saw 4 of its levels.

You collected 285 gold pieces.

Inventory:

Armour
 c - a +2 robe (worn)
Jewellery
 i - a ring of see invisible (left claw)
 p - an amulet of dismissal (around neck)
Scrolls
 d - 2 scrolls of immolation
 g - 2 scrolls of blinking
 k - a scroll of remove curse
 l - 2 scrolls of teleportation
 m - 2 scrolls of recharging
Potions
 e - a potion of brilliance
 n - a potion of flight
 o - 2 potions of cure mutation
 s - a potion of resistance {unknown}
 u - a potion of invisibility {unknown}
 v - a potion of curing {unknown}
Comestibles
 b - 6 bread rations
 f - 2 meat rations
 j - 2 fruits
 r - a royal jelly
 t - a beef jerky


   Skills:
 - Level 2.4 Fighting
 - Level 2.4 Dodging
 - Level 1.1 Stealth
 * Level 7.3 Unarmed Combat


You had 4 spell levels left.
You didn't know any spells.

Dungeon Overview and Level Annotations

Branches:
Dungeon (4/15)
 Temple: D:4-7

Altars:
Elyvilon

Annotations:
D:3 1 runed door


Innate Abilities, Weirdness & Mutations

You are too large for most types of armour.
You have claws for hands.
Your metabolism is lightning-fast.
You like to eat raw meat.
You heal very quickly.
You are covered in fur (AC +1).
You have very tough skin (AC +2).


Message History

* * * LOW HITPOINT WARNING * * *
You feel very sick.
* * * LOW HITPOINT WARNING * * *
You feel very sick.
Drink which item? (? for menu, Esc to quit)
It was a potion of magic.
Magic courses through your body.
* * * LOW HITPOINT WARNING * * *
You feel very sick.
Drink which item? (? for menu, Esc to quit)
It was a potion of agility.
You feel agile all of a sudden.
* * * LOW HITPOINT WARNING * * *
You feel very sick.
Drink which item? (? for menu, Esc to quit)
You can't drink that!
Drink which item? (? for menu, Esc to quit)
It was a potion of degeneration.
There was something very wrong with that liquid.
You feel weakened.
You feel dopey.
You feel clumsy.
You die...

#...........).# ....
.............#.##...
##.#......##.#....# .
#..............#.### ..
..................# ...
.#................#
#...#######.#..#......#
..............###.....#
.....#...@..#### .....#
#..............# .......
#..(#.########........##
#. .. ##.....# ...
.#..... #.. ####### ##


There were no monsters in sight!

Vanquished Creatures
  Sigmund (D:2)
  Robin (D:2)
  3 adders
  An ooze (D:2)
  2 worms
  A giant gecko (D:1)
  An orc (D:4)
  10 bats
  3 giant cockroaches
  6 goblins
  9 hobgoblins
  7 jackals (D:1)
  A ball python (D:3)
  3 giant newts
  6 kobolds
  4 rats
59 creatures vanquished.

Notes
Turn   | Place    | Note
--------------------------------------------------------------
     0 | D:1      | HolyRage the Troll Monk began the quest for the Orb.
     0 | D:1      | Reached XP level 1. HP: 22/22 MP: 0/0
   209 | D:1      | Reached XP level 2. HP: 29/29 MP: 1/1
   780 | D:2      | Reached skill level 5 in Unarmed Combat
   780 | D:2      | Reached XP level 3. HP: 32/36 MP: 2/2
  1078 | D:2      | Noticed Sigmund
  1293 | D:2      | Killed Sigmund
  1293 | D:2      | Reached skill level 6 in Unarmed Combat
  1293 | D:2      | Reached XP level 4. HP: 27/44 MP: 3/3
  1293 | D:2      | Reached XP level 5. HP: 31/50 MP: 4/4
  1413 | D:2      | Reached skill level 7 in Unarmed Combat
  1535 | D:2      | Noticed Robin
  1540 | D:2      | Killed Robin
  1814 | D:3      | Found a runed door.
  1814 | D:3      | Found a white marble altar of Elyvilon.
  1814 | D:3      | Noticed an angel
  2275 | D:4      | Noticed a water moccasin
  2293 | D:4      | HP: 1/50 [poisoned by a water moccasin]
  2294 | D:4      | Succumbed to a water moccasin's poison

Skill      XL: |  1  2  3  4  5 |
---------------+----------------+-----
Unarmed Combat | 5 6 7 |  7.3
Fighting       | |  2.4
Dodging        | |  2.4
Stealth        | |  1.1

Action                   |  1- 3 |  4- 6 || total
-------------------------+-------+-------++-------
Melee: Unarmed           |    83 |    60 ||   143
  Use: Scroll            |     7 |     2 ||     9
       Potion            |     2 |     3 ||     5
 Stab: Sleeping          |     2 |     4 ||     6
  Eat: Chunk             |    17 |     9 ||    26
Armor: Robe              |    24 |    18 ||    42
Dodge: Dodged            |    44 |    21 ||    65
